2247 views
Uploaded 2021-10-13 01:16:38
Game version 1.32 / 1.32.1
22:21 long 1on1 ladder game on (2)SwampedTemple
Saved by MAKENZGR8AGN
2247 views
Uploaded 2021-10-13 01:16:38
Game version 1.32 / 1.32.1
22:21 long 1on1 ladder game on (2)SwampedTemple

37 units @ 5.7k
/ 0.8k
23 buildings @ 3.5k
/ 1.8k


| Healing Salve | 3 | 300 |
| Lesser Clarity Potion | 8 | 560 |
| Scroll of Speed | 3 | 150 |
| Potion of Mana | 5 | 1000 |
| Potion of Healing | 4 | 600 |
| Orb of Lightning | 1 | 375 |
| Scroll of Healing | 3 | 750 |
| Scroll of Town Portal | 2 | 700 |
| Potion of Lesser Invulnerability | 1 | 150 |
| total: | 30 | 4585g |
| Peon | 11 | 825 | / | 0 |
| Grunt | 5 | 1000 | / | 0 |
| Shaman | 3 | 390 | / | 60 |
| Troll Witch Doctor | 3 | 435 | / | 75 |
| Kodo Beast | 3 | 765 | / | 180 |
| Raider | 3 | 540 | / | 120 |
| Spirit Walker | 2 | 390 | / | 70 |
| Tauren | 1 | 280 | / | 80 |
| Troll Batrider | 4 | 640 | / | 160 |
| Forest Troll Shadow Priest | 2 | 390 | / | 20 |
| total: | 37 | 5655g | / | 765w |
| Watch Tower | 6 | 660 | / | 480 |
| Altar of Storms | 1 | 180 | / | 50 |
| Orc Burrow | 6 | 960 | / | 240 |
| Barracks | 1 | 180 | / | 50 |
| Voodoo Lounge | 2 | 260 | / | 60 |
| War Mill | 1 | 205 | / | 0 |
| Great Hall | 1 | 385 | / | 185 |
| Spirit Lodge | 1 | 150 | / | 150 |
| Beastiary | 2 | 290 | / | 280 |
| Tauren Totem | 2 | 270 | / | 310 |
| Stronghold | 2 | 630 | / | 380 |
| Fortress | 2 | 650 | / | 380 |
| total: | 23 | 3540g | / | 1805w |
| 0:02 | Peon |
| 0:03 | Peon |
| 0:07 | Altar of Storms |
| 0:19 | Orc Burrow |
| 0:22 | Peon |
| 0:38 | Barracks |
| 0:45 | Peon |
| 0:58 | Peon |
| 1:18 | Peon |
| 1:33 | Orc Burrow |
| 1:41 | Grunt |
| 1:46 | Peon |
| 2:13 | Voodoo Lounge |
| 2:21 | Feral Spirit |
| 2:34 | Grunt |
| 2:47 | Stronghold |
| 3:09 | Forest Troll Shadow Priest |
| 3:10 | Forest Troll Shadow Priest |
| 3:25 | Grunt |
| 3:44 | Chain Lighting |
| 4:16 | Orc Burrow |
| 4:50 | War Mill |
| 4:55 | Healing Salve |
| 4:55 | Lesser Clarity Potion |
| 4:59 | Scroll of Speed |
| 5:02 | Healing Salve |
| 5:10 | Spirit Lodge |
| 5:14 | Beastiary |
| 5:31 | Great Hall |
| 5:48 | Feral Spirit |
| 6:36 | Shaman |
| 6:36 | Troll Witch Doctor |
| 6:46 | Pillage |
| 7:36 | Lesser Clarity Potion |
| 7:36 | Scroll of Speed |
| 7:37 | Healing Salve |
| 7:39 | Kodo Beast |
| 8:02 | Healing Wave |
| 8:24 | Grunt |
| 8:24 | Grunt |
| 8:40 | Raider |
| 8:40 | Ensnare |
| 8:42 | Shaman |
| 8:58 | Chain Lighting |
| 9:02 | Peon |
| 9:02 | Peon |
| 9:02 | Peon |
| 9:11 | Shaman |
| 9:22 | Lesser Clarity Potion |
| 9:24 | Lesser Clarity Potion |
| 9:41 | Raider |
| 10:02 | Shaman Adept Training |
| 10:33 | Scroll of Healing |
| 10:33 | Potion of Lesser Invulnerability |
| 10:44 | Scroll of Healing |
| 10:49 | Watch Tower |
| 10:49 | Watch Tower |
| 10:50 | Watch Tower |
| 10:53 | Fortress |
| 11:22 | Serpent Ward |
| 11:50 | Tauren Totem |
| 11:54 | Witch Doctor Adept Training |
| 12:22 | Scroll of Town Portal |
| 12:25 | Orc Burrow |
| 12:28 | Tauren Totem |
| 12:40 | Scroll of Speed |
| 12:41 | Potion of Mana |
| 12:47 | Potion of Healing |
| 12:51 | Watch Tower |
| 12:52 | Voodoo Lounge |
| 12:54 | Peon |
| 13:10 | Kodo Beast |
| 13:12 | Spirit Walker Adept Training |
| 13:12 | Spirit Walker Master Training |
| 13:19 | Reinforced Defenses |
| 14:23 | Healing Wave |
| 14:53 | Spirit Walker |
| 15:07 | Potion of Mana |
| 15:16 | Potion of Healing |
| 15:17 | Orb of Lightning |
| 15:20 | Potion of Mana |
| 15:46 | Lesser Clarity Potion |
| 16:06 | Spirit Walker |
| 16:07 | Raider |
| 16:09 | Witch Doctor Master Training |
| 16:09 | Troll Witch Doctor |
| 16:10 | Troll Witch Doctor |
| 16:12 | Chain Lighting |
| 16:28 | Lesser Clarity Potion |
| 16:32 | Lesser Clarity Potion |
| 16:35 | Potion of Healing |
| 16:57 | Potion of Healing |
| 17:08 | Tauren |
| 17:11 | Kodo Beast |
| 17:19 | Scroll of Healing |
| 18:07 | Orc Burrow |
| 18:14 | Orc Burrow |
| 18:17 | Beastiary |
| 18:20 | Scroll of Town Portal |
| 18:26 | Potion of Mana |
| 18:45 | Watch Tower |
| 19:45 | Serpent Ward |
| 19:47 | Troll Batrider |
| 19:47 | Troll Batrider |
| 20:12 | Watch Tower |
| 20:17 | Potion of Mana |
| 20:33 | Troll Batrider |
| 20:47 | Lesser Clarity Potion |
| 21:21 | Troll Batrider |
| 21:48 | Healing Wave |
| Right click | 888 |
| Select group | 476 |
| Select | 413 |
| Build/train/purchase | 191 |
| Use ability | 84 |
| Assign group | 61 |
| Chat | 23 |
| Misc. action | 10 |
| Item give/drop | 7 |
| Esc | 2 |
| Remove unit | 1 |
50 units @ 7.9k
/ 1k
22 buildings @ 2.8k
/ 1.3k


| Scroll of Regeneration | 2 | 200 |
| total: | 2 | 200g |
| Peasant | 13 | 975 | / | 0 |
| Footman | 8 | 1080 | / | 0 |
| Sorceress | 7 | 1085 | / | 140 |
| Spell Breaker | 6 | 1290 | / | 180 |
| Priest | 5 | 675 | / | 50 |
| Dragonhawk Rider | 2 | 400 | / | 60 |
| Gryphon Rider | 8 | 2240 | / | 560 |
| Forest Troll Shadow Priest | 1 | 195 | / | 10 |
| total: | 50 | 7940g | / | 1000w |
| Scout Tower | 2 | 60 | / | 40 |
| Arcane Tower | 2 | 140 | / | 100 |
| Guard Tower | 1 | 70 | / | 50 |
| Altar of Kings | 1 | 180 | / | 50 |
| Barracks | 1 | 160 | / | 60 |
| Farm | 10 | 800 | / | 200 |
| Arcane Vault | 1 | 130 | / | 30 |
| Lumber Mill | 1 | 120 | / | 0 |
| Town Hall | 2 | 770 | / | 410 |
| Blacksmith | 1 | 140 | / | 60 |
| Arcane Sanctum | 2 | 300 | / | 280 |
| Gryphon Aviary | 1 | 140 | / | 150 |
| Keep | 4 | 1280 | / | 840 |
| Castle | 1 | 360 | / | 210 |
| total: | 22 | 2800g | / | 1280w |
| 0:05 | Altar of Kings |
| 0:07 | Barracks |
| 0:08 | Peasant |
| 0:08 | Peasant |
| 0:25 | Peasant |
| 0:34 | Farm |
| 0:53 | Peasant |
| 1:12 | Farm |
| 1:15 | Footman |
| 1:18 | Footman |
| 1:18 | Footman |
| 1:40 | Scout Tower |
| 1:43 | Footman |
| 1:49 | Peasant |
| 1:57 | Arcane Vault |
| 2:19 | Footman |
| 2:25 | Summon Water Elemental |
| 2:34 | Footman |
| 2:38 | Arcane Tower |
| 2:42 | Farm |
| 3:06 | Farm |
| 3:23 | Footman |
| 3:32 | Brilliance Aura |
| 3:38 | Footman |
| 4:07 | Keep |
| 4:15 | Forest Troll Shadow Priest |
| 4:52 | Scout Tower |
| 5:40 | Lumber Mill |
| 5:46 | Town Hall |
| 5:50 | Scroll of Regeneration |
| 6:06 | Farm |
| 6:20 | Summon Water Elemental |
| 6:34 | Peasant |
| 6:34 | Peasant |
| 6:34 | Peasant |
| 6:36 | Peasant |
| 6:48 | Guard Tower |
| 7:22 | Arcane Sanctum |
| 7:53 | Arcane Sanctum |
| 8:28 | Brilliance Aura |
| 9:04 | Sorceress |
| 9:04 | Sorceress |
| 9:22 | Sorceress |
| 9:22 | Sorceress |
| 9:27 | Peasant |
| 9:27 | Peasant |
| 9:27 | Peasant |
| 9:28 | Peasant |
| 9:33 | Improved Lumber Harvesting |
| 9:35 | Farm |
| 9:35 | Farm |
| 9:42 | Sorceress Adept Training |
| 9:44 | Sorceress |
| 9:58 | Spell Breaker |
| 10:06 | Storm Bolt |
| 10:26 | Castle |
| 10:34 | Blacksmith |
| 10:38 | Priest |
| 10:38 | Priest |
| 10:43 | Sorceress |
| 10:48 | Farm |
| 10:48 | Farm |
| 10:55 | Spell Breaker |
| 11:30 | Spell Breaker |
| 12:02 | Town Hall |
| 12:28 | Priest |
| 13:07 | Gryphon Aviary |
| 13:24 | Sorceress Master Training |
| 13:25 | Sorceress |
| 13:54 | Thunder Clap |
| 15:33 | Dragonhawk Rider |
| 15:33 | Dragonhawk Rider |
| 15:35 | Gryphon Rider |
| 15:35 | Gryphon Rider |
| 15:57 | Summon Water Elemental |
| 16:33 | Gryphon Rider |
| 16:35 | Iron Forged Swords |
| 16:36 | Studded Leather Armor |
| 16:40 | Spell Breaker |
| 16:40 | Spell Breaker |
| 16:49 | Priest |
| 16:52 | Scroll of Regeneration |
| 16:58 | Animal War Training |
| 17:09 | Gryphon Rider |
| 17:30 | Farm |
| 18:12 | Gryphon Rider |
| 18:18 | Spell Breaker |
| 18:38 | Priest |
| 19:51 | Gryphon Rider |
| 21:00 | Mass Teleport |
| 21:19 | Gryphon Rider |
| 21:19 | Gryphon Rider |
| Right click | 966 |
| Select group | 344 |
| Select | 273 |
| Assign group | 154 |
| Build/train/purchase | 110 |
| Misc. action | 88 |
| Use ability | 15 |
| Remove unit | 6 |
| Chat | 4 |
| Esc | 1 |
โ